[ PARTIDA AOE2 · #513636492 ]
UnrankedSicilianos vs Goths
Equipo del jugador · VICT
Equipo rival · DERR
[ ANÁLISIS DE REPETICIÓN · EXTRAÍDO DE LA PARTIDA GRABADA ]
Feudal
13:47
Castillos
—
Imperial
—
| APM promedio | 25.2 |
| APM pico | 53 |
| eAPM promedio | 15.8 |
| Aldeanos / militares | 27 / 1 |
Foco
⚔️ 16.0% · 🌾 84.0%
Serjeant ×1
Feudal
—
Castillos
—
Imperial
—
| APM promedio | 76.4 |
| APM pico | 104 |
| eAPM promedio | 23.3 |
| Aldeanos / militares | 32 / 15 |
Foco
⚔️ 35.6% · 🌾 64.4%
Militia ×15
Mapa de la partida
Recursos iniciales + cada clic de construcción. Líneas = muros · curvas = relieve. ◆ oro · ⬟ piedra · ● bayas · ✦ reliquia · ◌ hueco del cierre
Tu base· Abierta — flanco sin cerrar
Base de udalov· Abierta — flanco sin cerrar
Terreno inicial suavizado · ◌ = hueco del cierre detectado · pasá el cursor para detalles
Inputs por minuto
— Ares - - udalov
Build order — Ares
41 acciones detectadas en el replay
| 0:01 | Encolar | Villager (Male) |
| 0:01 | Encolar | Villager (Male) |
| 0:02 | Encolar | Villager (Male) |
| 0:02 | Construir | House |
| 0:04 | Construir | House |
| 0:11 | Encolar | Villager (Male) |
| 0:12 | Encolar | Villager (Male) |
| 0:58 | Investigar | Loom |
| 0:58 | Encolar | Villager (Male) |
| 0:58 | Encolar | Villager (Male) |
| 1:49 | Encolar | Villager (Male) |
| 2:35 | Encolar | Villager (Male) |
| 2:35 | Encolar | Villager (Male) |
| 2:56 | Encolar | Villager (Male) |
| 2:56 | Encolar | Villager (Male) |
| 3:17 | Construir | Mill |
| 3:19 | Encolar | Villager (Male) |
| 3:47 | Encolar | Villager (Male) |
| 5:07 | Encolar | Villager (Male) |
| 5:07 | Encolar | Villager (Male) |
| 5:20 | Encolar | Villager (Male) |
| 5:34 | Construir | House |
| 6:02 | Construir | House |
| 6:40 | Encolar | Villager (Male) |
| 6:58 | Encolar | Villager (Male) |
| 7:10 | Encolar | Villager (Male) |
| 7:45 | Encolar | Villager (Male) |
| 7:52 | Construir | Lumber Camp |
| 8:03 | Encolar | Villager (Male) |
| 8:59 | Construir | Mill |
| 9:01 | Encolar | Villager (Male) |
| 9:01 | Encolar | Villager (Male) |
| 9:24 | Construir | House |
| 10:37 | Encolar | Villager (Male) |
| 11:37 | Investigar | Feudal Age |
| 11:57 | Construir | Mining Camp |
| 12:29 | Construir | Donjon |
| 12:54 | Encolar | Villager (Male) |
| 13:40 | Encolar | Villager (Male) |
| 13:47 | Edad | Edad Feudal |
| 13:52 | Encolar | Serjeant |
Build order — udalov
79 acciones detectadas en el replay
| 0:00 | Investigar | Loom |
| 0:01 | Encolar | Villager (Male) |
| 0:01 | Encolar | Villager (Male) |
| 0:01 | Encolar | Villager (Male) |
| 0:02 | Encolar | Villager (Male) |
| 0:03 | Construir | House |
| 0:06 | Construir | House |
| 1:29 | Encolar | Villager (Male) |
| 2:11 | Encolar | Villager (Male) |
| 2:13 | Construir | Lumber Camp |
| 2:32 | Construir | Palisade Wall |
| 2:35 | Construir | Palisade Wall |
| 2:38 | Construir | Palisade Wall |
| 2:40 | Construir | Palisade Wall |
| 2:48 | Construir | House |
| 2:50 | Construir | Palisade Wall |
| 2:51 | Encolar | Villager (Male) |
| 2:51 | Encolar | Villager (Male) |
| 3:03 | Construir | Palisade Wall |
| 3:08 | Encolar | Villager (Male) |
| 3:36 | Encolar | Villager (Male) |
| 4:08 | Encolar | Villager (Male) |
| 4:08 | Encolar | Villager (Male) |
| 4:44 | Encolar | Villager (Male) |
| 4:56 | Encolar | Villager (Male) |
| 5:18 | Construir | Barracks |
| 5:31 | Encolar | Villager (Male) |
| 5:54 | Encolar | Villager (Male) |
| 6:01 | Construir | Mill |
| 6:06 | Encolar | Villager (Male) |
| 6:29 | Construir | House |
| 6:44 | Encolar | Villager (Male) |
| 7:02 | Encolar | Militia |
| 7:02 | Encolar | Militia |
| 7:03 | Construir | House |
| 7:11 | Encolar | Villager (Male) |
| 7:36 | Encolar | Villager (Male) |
| 7:48 | Construir | Mining Camp |
| 7:56 | Encolar | Villager (Male) |
| 8:06 | Encolar | Villager (Male) |
| 8:34 | Encolar | Villager (Male) |
| 9:10 | Encolar | Villager (Male) |
| 9:14 | Construir | Barracks |
| 9:20 | Construir | House |
| 9:27 | Construir | Mill |
| 9:31 | Encolar | Militia |
| 9:31 | Encolar | Militia |
| 9:46 | Encolar | Militia |
| 9:47 | Encolar | Villager (Male) |
| 10:14 | Encolar | Villager (Male) |
| 10:15 | Encolar | Militia |
| 10:31 | Construir | Barracks |
| 10:44 | Encolar | Villager (Male) |
| 10:48 | Construir | Barracks |
| 11:06 | Encolar | Militia |
| 11:40 | Construir | Farm |
| 11:41 | Construir | Farm |
| 11:41 | Construir | Farm |
| 11:50 | Encolar | Villager (Male) |
| 12:10 | Encolar | Militia |
| 12:14 | Encolar | Militia |
| 12:15 | Encolar | Villager (Male) |
| 12:19 | Construir | House |
| 12:20 | Construir | House |
| 12:45 | Encolar | Militia |
| 12:47 | Encolar | Militia |
| 12:57 | Encolar | Villager (Male) |
| 13:04 | Encolar | Militia |
| 13:04 | Encolar | Villager (Male) |
| 13:22 | Construir | Farm |
| 13:23 | Construir | Farm |
| 13:24 | Construir | Farm |
| 13:24 | Construir | Farm |
| 13:24 | Construir | Farm |
| 13:26 | Construir | House |
| 13:31 | Encolar | Militia |
| 13:39 | Encolar | Militia |
| 13:39 | Encolar | Militia |
| 13:47 | Encolar | Villager (Male) |
Cronología de la partida
| 2:32 | udalov · wall_segment Palisade Wall x1 |
| 2:35 | udalov · wall_segment Palisade Wall x1 |
| 2:38 | udalov · wall_segment Palisade Wall x1 |
| 2:40 | udalov · wall_segment Palisade Wall x1 |
| 2:50 | udalov · wall_segment Palisade Wall x1 |
| 3:03 | udalov · wall_segment Palisade Wall x1 |
| 5:18 | udalov · first_building Barracks |
| 12:29 | Ares · first_building Donjon |
| 13:47 | Ares · age_up feudal |
| 14:01 | udalov · resign |
[ ANÁLISIS IA · 1 CRÉDITO ]
¿Qué pasó realmente en esta partida?
Wolo.gg analiza cada decisión: build order, eco, micro, errores típicos por bracket. Análisis personalizado por WhatsApp o Discord en 30 segundos.
Guía civ
Sicilianos
Perfil
Jugador #17992396